 Dungeon Crawl Stone Soup version 0.30-a0-587-gfd7c166f36 (webtiles) character file.

Game seed: 8435108436030602720

2734 M4edhros the Poker (level 9, -1/62 HPs)
             Began as an Octopode Fighter on Jan 4, 2023.
             Was a Believer of Zin.
             Slain by an orc warrior
             ... wielding a +0 flail
              (3 damage)
             ... on level 8 of the Dungeon.
             The game lasted 00:06:55 (5939 turns).

M4edhros the Poker (Octopode Fighter)               Turns: 5939, Time: 00:06:56

Health: -1/62      AC:  2    Str: 16    XL:     9   Next: 67%
Magic:  13/13      EV: 15    Int: 10    God:    Zin [**....]
Gold:   271        SH:  6    Dex: 15    Spells: 8/8 levels left

rFire   . . .      SeeInvis .    a - +2 trident
rCold   . . .      Faith    .    b - +0 buckler
rNeg    . . .      Spirit   .    (helmet restricted)
rPois   .          Reflect  .    (no amulet)
rElec   .          Harm     .    (no ring)
rCorr   .          Rampage  .    (no ring)
Will    .....                    (no ring)
Stlth   ++                       (no ring)
HPRegen 0.30/turn                (no ring)
MPRegen 0.13/turn                (no ring)
                                 (no ring)
                                 (no ring)

@: no status effects
A: almost no armour, amphibious, 8 rings, camouflage 1, gelatinous body 1,
(nimble swimmer 1), tentacles, antennae 1, shaggy fur 1
a: Renounce Religion, Recite, Vitalisation, Donate Gold


You were on level 8 of the Dungeon.
You worshipped Zin.
Zin was pleased with you.
You visited 2 branches of the dungeon, and saw 9 of its levels.
You also visited: Sewer.

You collected 487 gold pieces.
You donated 216 gold pieces to Zin.

Inventory:

Hand Weapons
 a - a +2 trident (weapon)
Missiles
 f - a throwing net
 v - 3 javelins (quivered)
Armour
 b - a +0 buckler (worn)
Jewellery
 n - an amulet of faith
Wands
 p - a wand of roots (9)
 z - a wand of digging (5)
Scrolls
 d - 7 scrolls of teleportation
 l - a scroll of vulnerability
 o - 3 scrolls of magic mapping
 q - 2 scrolls of enchant armour
 y - 2 scrolls of fear
Potions
 c - 4 potions of might
 e - a potion of mutation
 g - 4 potions of cancellation
 h - 2 potions of berserk rage
 j - a potion of magic {unknown}
 r - 2 potions of resistance
 s - a potion of haste {unknown}
 w - a potion of attraction {unknown}
 x - 2 potions of curing {unknown}
 A - a potion of flight {unknown}


   Skills:
 + Level 6.0 Fighting
 * Level 7.8 Polearms
 + Level 6.0 Dodging
 + Level 6.1 Shields
 * Level 5.4 Invocations


You had 8 spell levels left.
You didn't know any spells.
Your spell library contained the following spells:

 Spells                   Type           Power      Damage    Failure   Level
 Apportation              Tloc           0%         N/A       43%         1
 Sandblast                Erth           0%         2d4       43%         1
 Ensorcelled Hibernation  Hex/Ice        0%         N/A       58%         2
 Passwall                 Tmut/Erth      0%         N/A       58%         2
 Dazzling Flash           Conj/Hex       0%         N/A       82%         3
 Stone Arrow              Conj/Erth      0%         3d7       82%         3
 Swiftness                Air            0%         N/A       82%         3
 Iskenderun's Mystic Bla  Conj/Tloc      0%         2d3       99%         4
 Alistair's Intoxication  Tmut/Pois      0%         N/A       100%        5
 Starburst                Conj/Fire      0%         6d3       100%        6
 Lehudib's Crystal Spear  Conj/Erth      0%         10d2      100%        8
 Animate Armour           Summ/Erth      Unusable   N/A       N/A         4

Dungeon Overview and Level Annotations

Branches:
Dungeon (8/15)             Temple (1/1) D:5           Sewer (visited)
   Lair: D:8-11

Altars:
Ashenzari
Cheibriados
Dithmenos
Elyvilon
Fedhas
Gozag
Hepliaklqana
Kikubaaqudgha
Makhleb
Qazlal
Sif Muna
Trog
Uskayaw
Vehumet
Wu Jian
Xom
Yredelemnul
Zin
The Shining One

Shops:
D:4 (   D:6 =


Innate Abilities, Weirdness & Mutations

You cannot wear most types of armour.
You are amphibious.
You can wear up to eight rings at the same time.
Your skin changes colour to match your surroundings (Stealth+).
Your rubbery body absorbs attacks. (AC +1, EV +1)
((You are camouflaged when in or above water. (Stealth+)))
You have tentacles for arms and can constrict up to eight enemies at once.
You have a pair of small antennae on your head.
You are covered in fur. (AC +1)


Message History

You squeeze the orc warrior, but do no damage.
The orc warrior is heavily wounded.
You constrict the orc warrior, but do no damage.
The orc priest calls down the wrath of Beogh upon you.
Pain shoots through your body!
The orc warrior struggles to escape constriction.
You hit the orc warrior but do no damage.
The orc warrior is heavily wounded.
You constrict the orc warrior.
The orc priest invokes the aid of Beogh against you.
Pain shoots through your body!
* * * LOW HITPOINT WARNING * * *
The orc warrior hits you with a +0 flail!
* * * LOW HITPOINT WARNING * * *
Okay, then.
Aiming: Fastroot
Press: ? - help, Shift-Dir - straight line The roots erupt in riotous growth!
The orc warrior is unaffected.
Roots grab the orc priest.
You constrict the orc warrior.
The grasping roots constrict the orc priest!
You hear a shout! x3
The orc priest calls upon Beogh to heal the orc warrior.
The orc warrior is healed somewhat.
The orc warrior escapes!
The orc warrior attacks as you move away!
The orc warrior closely misses you.
The grasping roots constrict the orc priest!
You kill the orc priest!
Items here: )))))) [ †††.
Okay, then.
Aiming: Fastroot
Press: ? - help, Shift-Dir - straight line The roots erupt in riotous growth!
Roots grab the orc warrior.
Roots grab the orc.
The grasping roots constrict the orc warrior.
The grasping roots constrict the orc.
You hear a shout!
The orc escapes!
The orc warrior hits you with a +0 flail.
You die...

### ...............
#... #..#####.......
#..#### #.# ###..†..
#....## #.# #.....
#....####.# ##....
#.......#.# #....
####......## #>###
#.###...###### #.###
#..@o........###...#
####o).#####........
##.)#####...≈≈.≈≈
#....##..≈..≈.≈§
###..#.....≈≈.....
#.......)......._..
...##>.###...≈≈..§..
#.# #....#...≈.§§§§.
. #.##...:...§§.≈≈


You could see an orc warrior (rooted) and an orc.

Vanquished Creatures
  Sigmund (D:6)
  Grum (D:8)
  2 steam dragons (D:7)
  Duvessa (D:6)
  3 water moccasins
  3 sky beasts
  Pargi (D:3)
  A black bear (D:4)
  3 wolves
  An ogre (D:4)
  A centaur (D:6)
  A phantom (D:4)
  Blork the orc (D:6)
  Dowan (D:6)
  2 howler monkeys
  4 hounds
  A jelly (D:6)
  A gnoll bouda (D:8)
  5 orc priests
  2 iguanas (D:5)
  An orc wizard (D:4)
  5 gnolls (D:8)
  5 adders
  2 shadow imps
  2 white imps
  2 ufetubi (D:5)
  A worm (D:3)
  3 dart slugs
  21 orcs
  6 endoplasms
  2 giant cockroaches (D:4)
  7 goblins
  2 hobgoblins
  3 kobolds
  4 quokkas (D:4)
  9 ball pythons
  5 bats
  3 frilled lizards
  3 rats
122 creatures vanquished.

Notes
Turn   | Place    | Note
-------+----------+-------------------------------------------
     0 | D:1      | M4edhros the Octopode Fighter began the quest for the Orb.
     0 | D:1      | Reached XP level 1. HP: 16/16 MP: 1/1
    84 | D:1      | Reached XP level 2. HP: 21/21 MP: 2/2
   321 | D:1      | Found a faded altar of an unknown god.
   655 | D:2      | Reached XP level 3. HP: 26/26 MP: 3/3
   993 | D:3      | Reached skill level 3 in Polearms
   993 | D:3      | Reached XP level 4. HP: 24/31 MP: 4/4
  1052 | D:3      | Found an ornate altar of the Wu Jian Council.
  1287 | D:3      | Noticed Pargi
  1297 | D:3      | Killed Pargi
  1298 | D:3      | Reached XP level 5. HP: 9/37 MP: 5/5
  1680 | D:4      | Noticed an ogre
  1684 | D:4      | Killed an ogre
  1685 | D:4      | Reached skill level 4 in Polearms
  1685 | D:4      | Reached XP level 6. HP: 15/43 MP: 6/6
  1749 | D:4      | Found a shadowy altar of Dithmenos.
  1787 | D:4      | Found Feproeq's Antique Weapon Boutique.
  1798 | D:4      | Noticed a black bear
  1802 | D:4      | Gained mutation: You have a pair of small antennae on your
                  | head. [potion of mutation]
  1802 | D:4      | Gained mutation: You are covered in fur. (AC +1) [potion of
                  | mutation]
  1814 | D:4      | Killed a black bear
  1815 | D:4      | Reached XP level 7. HP: 45/48 MP: 7/7
  1825 | D:4      | Found a glowing drain.
  1836 | Sewer    | Entered a sewer
  1874 | Sewer    | Reached skill level 5 in Polearms
  1974 | D:4      | Found a shimmering altar of Xom.
  2146 | D:4      | Found a basalt altar of Yredelemnul.
  2312 | D:5      | Entered Level 5 of the Dungeon
  2652 | D:5      | Found a staircase to the Ecumenical Temple.
  2706 | Temple   | Entered the Ecumenical Temple
  2828 | D:5      | Found a glowing golden altar of the Shining One.
  2830 | D:5      | Found a glowing silver altar of Zin.
  2831 | D:5      | Found a white marble altar of Elyvilon.
  2857 | D:5      | Reached XP level 8. HP: 54/54 MP: 8/8
  2877 | D:5      | Became a worshipper of Zin the Law-Giver
  2877 | D:5      | Reached * piety under Zin
  2878 | D:5      | Donated 168 gold pieces to Zin
  2892 | D:5      | Reached ** piety under Zin
  3051 | D:6      | Noticed Duvessa
  3051 | D:6      | Noticed Dowan
  3058 | D:6      | Killed Duvessa
  3059 | D:6      | Reached skill level 5 in Fighting
  3059 | D:6      | Reached skill level 6 in Polearms
  3059 | D:6      | Reached skill level 5 in Shields
  3059 | D:6      | Reached skill level 1 in Invocations
  3067 | D:6      | Killed Dowan
  3068 | D:6      | Reached skill level 5 in Dodging
  3499 | D:6      | Found a stormy altar of Qazlal.
  3669 | D:6      | Noticed Blork the orc
  3676 | D:6      | Killed Blork the orc
  3958 | D:6      | Found Sosoag's Jewellery Shoppe.
  3982 | D:6      | Found a hazy altar of Hepliaklqana.
  4035 | D:6      | Noticed Sigmund
  4054 | D:6      | Killed Sigmund
  4349 | D:7      | Found a burning altar of Makhleb.
  4450 | D:7      | Reached skill level 7 in Polearms
  4450 | D:7      | Reached XP level 9. HP: 16/61 MP: 11/11
  5407 | D:7      | Found a snail-covered altar of Cheibriados.
  5458 | D:8      | Noticed Grum
  5458 | D:8      | Found a hide-covered altar of Uskayaw.
  5678 | D:8      | Found a radiant altar of Vehumet.
  5791 | D:8      | Reached skill level 5 in Invocations
  5895 | D:8      | Killed Grum
  5936 | D:8      | HP: 1/62 [orc warrior/+0 flail (10)]
  5939 | D:8      | Slain by an orc warrior

Illustrated notes

Levels and vault maps discovered:
D:1:      minmay_arrival_split_and_join, layout_rooms, basic_ecumenical_altar
D:2:      layout_rooms
D:3:      layout_rooms, nicolae_wu_jian_wuxing_cycle, st_stairs_1, uniq_pargi
D:4:      layout_loops_cross, mainiacjoe_overflow_tiny_flanked,
          overflow_temple_1_default, mainiacjoe_overflow_surrounded_room,
          portal_sewer_entry_f, serial_shops, nicolae_shop_behind_doors,
          minmay_misc_feat_doors
D:5:      layout_rooms, good_gods_temple_1, minmay_temple_entry_overgrown,
          chequers_serial_rivers_micro_e, minivault_4
D:6:      layout_loops_ring, nzn_hepliaklqana_mist_gate, lemuel_crystal_altar,
          serial_shops, shop, uniq_blork_the_orc, uniq_duvessa, uniq_sigmund
D:7:      layout_loops_ring, lemuel_doored_altar, mainiacjoe_overflow_alcove_1
D:8:      layout_rooms, mainiacjoe_overflow_small_starburst,
          amcnicky_altar_gilded, due_unseen_surprise, uniq_grum
Temple:   nicolae_temple_stand_before_the_council

Skill      XL: |  1  2  3  4  5  6  7  8  9 |
---------------+----------------------------+-----
Polearms       | 3 4 5 7 |  7.8
Shields        | 4 5 6 |  6.1
Fighting       | 4 5 6 |  6.0
Dodging        | 4 5 6 |  6.0
Invocations    | 3 5 |  5.4

Action                   |  1- 3 |  4- 6 |  7- 9 || total
-------------------------+-------+-------+-------++-------
Melee: Trident           |    47 |    69 |   239 ||   355
       Tentacles         |     7 |    15 |    45 ||    67
       Constrict         |     7 |    12 |    32 ||    51
       Punch             |       |     5 |     3 ||     8
Invok: Donate Gold       |       |       |     1 ||     1
       Recite            |       |       |     1 ||     1
Evoke: Wand              |       |     2 |     2 ||     4
  Use: Potion            |       |     5 |     2 ||     7
       Scroll            |       |       |    15 ||    15
 Stab: Sleeping          |     9 |     3 |    18 ||    30
Armor: Skin              |     4 |     4 |    18 ||    26
Dodge: Dodged            |    12 |    30 |    97 ||   139
Block: Buckler           |       |    13 |    40 ||    53

Table legend: (Time is in decaauts)
 A = Elapsed time spent in this place.
 B = Non-inter-level travel time spent in this place.
 C = Inter-level travel time spent in this place.
 D = Time resting spent in this place.
 E = Time spent auto-exploring this place.
 F = Levels seen in this place.
 G = Mean time per level.
                   A        B        C        D        E       F      G
               +--------+--------+--------+--------+--------+-----+--------+
         Total |   5973 |   5649 |    324 |    536 |   4041 |  10 |  597.3 |
       Dungeon |   5867 |   5553 |    314 |    536 |   4024 |   8 |  733.4 |
        Temple |     23 |     13 |     10 |      0 |     10 |   1 |   23.0 |
         Sewer |     82 |     82 |      0 |      0 |      7 |   1 |   82.0 |
               +--------+--------+--------+--------+--------+-----+--------+

Top non-repeatable levels by time:
     D:7: 1463 daAuts
     D:6: 1263 daAuts
     D:4: 694 daAuts
     D:5: 660 daAuts
     D:3: 617 daAuts
     D:1: 519 daAuts
     D:2: 421 daAuts
     D:8: 226 daAuts
   Sewer: 82 daAuts
  Temple: 23 daAuts
